[ PARTIDA AOE2 · #468178696 ]
UnrankedFrancos vs Ethiopians
[ ANÁLISIS DE REPETICIÓN · EXTRAÍDO DE LA PARTIDA GRABADA ]
Feudal
13:04
Castillos
19:59
Imperial
—
| APM promedio | 14.4 |
| APM pico | 51 |
| eAPM promedio | 9.6 |
| Aldeanos / militares | 79 / 16 |
Foco
⚔️ 15.2% · 🌾 84.8%
Knight ×16
Feudal
10:17
Castillos
22:49
Imperial
—
| APM promedio | 26.9 |
| APM pico | 75 |
| eAPM promedio | 12.2 |
| Aldeanos / militares | 72 / 63 |
Foco
⚔️ 30.2% · 🌾 69.8%
Archer ×60 · Skirmisher ×3
Feudal
11:07
Castillos
25:15
Imperial
—
| APM promedio | 21.4 |
| APM pico | 48 |
| eAPM promedio | 11.0 |
| Aldeanos / militares | 44 / 42 |
Foco
⚔️ 32.8% · 🌾 67.2%
Militia ×13 · Skirmisher ×12 · Archer ×8 · Gbeto ×7 · Battering Ram ×2
Feudal
10:50
Castillos
23:47
Imperial
—
| APM promedio | 28.4 |
| APM pico | 53 |
| eAPM promedio | 10.5 |
| Aldeanos / militares | 60 / 17 |
Foco
⚔️ 24.8% · 🌾 75.2%
Unknown (2550) ×13 · Archer ×6 · Skirmisher ×6 · Petard ×5
Feudal
10:19
Castillos
—
Imperial
—
| APM promedio | 13.6 |
| APM pico | 58 |
| eAPM promedio | 6.7 |
| Aldeanos / militares | 40 / 15 |
Foco
⚔️ 11.0% · 🌾 89.0%
Scout Cavalry ×15
Feudal
11:34
Castillos
17:08
Imperial
—
| APM promedio | 14.9 |
| APM pico | 31 |
| eAPM promedio | 10.3 |
| Aldeanos / militares | 99 / 27 |
Foco
⚔️ 13.5% · 🌾 86.5%
Knight ×27
Feudal
14:52
Castillos
18:47
Imperial
—
| APM promedio | 14.4 |
| APM pico | 50 |
| eAPM promedio | 9.5 |
| Aldeanos / militares | 91 / 17 |
Foco
⚔️ 16.1% · 🌾 83.9%
Knight ×11 · Spearman ×5 · Monk ×1
Feudal
12:41
Castillos
25:10
Imperial
—
| APM promedio | 25.7 |
| APM pico | 76 |
| eAPM promedio | 14.4 |
| Aldeanos / militares | 86 / 5 |
Foco
⚔️ 17.8% · 🌾 82.2%
Unknown (1952) ×12 · Unknown (1944) ×4 · Mangonel ×3 · Spearman ×2
Mapa de la partida
Recursos iniciales + cada clic de construcción. Líneas = muros · curvas = relieve. ◆ oro · ⬟ piedra · ● bayas · ✦ reliquia · ◌ hueco del cierre
Tu base· Abierta — flanco sin cerrar
Base de mm_Roger· Abierta — hueco de 7t
Base de JewelerMaster· ✓ Cerrada en 25:15 · 41t muro · 1 puerta(s)
Base de Drudge· Abierta — flanco sin cerrar
Base de kosyovelikov· Abierta — flanco sin cerrar
Base de donhedegaard· Abierta — flanco sin cerrar
Base de WannaBee· Abierta — hueco de 3t
Base de GandalfEzy· Abierta — flanco sin cerrar
Terreno inicial suavizado · ◌ = hueco del cierre detectado · pasá el cursor para detalles
Inputs por minuto
— Nacho Calvo - - mm_Roger
Build order — Nacho Calvo
Primeras 150 de 167 acciones detectadas
| 0:05 | Crear | Villager (Male) ×4 |
| 0:32 | Construir | House |
| 0:46 | Construir | House |
| 2:10 | Crear | Villager (Male) |
| 2:37 | Crear | Villager (Male) |
| 3:02 | Investigar | Loom |
| 3:04 | Crear | Villager (Male) |
| 3:26 | Crear | Villager (Male) |
| 3:52 | Crear | Villager (Male) |
| 4:09 | Construir | House |
| 4:12 | Construir | House |
| 4:39 | Crear | Villager (Male) |
| 4:39 | Crear | Villager (Male) |
| 5:09 | Construir | House |
| 5:18 | Crear | Villager (Male) |
| 5:32 | Crear | Villager (Male) |
| 6:17 | Crear | Villager (Male) |
| 6:39 | Construir | Mill |
| 6:46 | Crear | Villager (Male) |
| 7:05 | Crear | Villager (Male) |
| 7:33 | Crear | Villager (Male) |
| 7:33 | Crear | Villager (Male) |
| 7:56 | Crear | Villager (Male) |
| 8:19 | Construir | Lumber Camp |
| 8:56 | Crear | Villager (Male) |
| 8:56 | Crear | Villager (Male) |
| 9:16 | Construir | Lumber Camp |
| 9:39 | Crear | Villager (Male) |
| 10:01 | Construir | Farm |
| 10:02 | Construir | Farm |
| 10:02 | Construir | Farm |
| 10:06 | Construir | Farm |
| 10:07 | Construir | Farm |
| 10:11 | Crear | Villager (Male) |
| 10:11 | Crear | Villager (Male) |
| 10:38 | Construir | Farm |
| 10:42 | Construir | Farm |
| 10:54 | Investigar | Feudal Age |
| 11:33 | Crear | Villager (Male) |
| 11:52 | Crear | Villager (Male) |
| 12:40 | Construir | House |
| 12:43 | Construir | House |
| 13:04 | Edad | Edad Feudal |
| 13:08 | Construir | Blacksmith |
| 13:39 | Construir | Market |
| 13:46 | Crear | Villager (Male) |
| 13:46 | Crear | Villager (Male) |
| 13:51 | Investigar | Double-Bit Axe |
| 13:58 | Construir | Mining Camp |
| 14:38 | Crear | Villager (Male) |
| 15:01 | Construir | Mining Camp |
| 15:09 | Construir | Farm |
| 15:10 | Construir | Farm |
| 15:11 | Construir | Farm |
| 15:14 | Construir | Farm |
| 15:16 | Construir | Farm |
| 15:26 | Construir | Farm |
| 15:29 | Construir | Farm |
| 15:32 | Construir | Farm |
| 15:36 | Construir | Farm |
| 15:52 | Construir | Farm |
| 16:04 | Crear | Villager (Male) |
| 16:17 | Crear | Villager (Male) |
| 16:34 | Construir | Lumber Camp |
| 16:50 | Crear | Villager (Male) |
| 16:57 | Investigar | Castle Age |
| 17:22 | Construir | Farm |
| 17:26 | Investigar | Gold Mining |
| 17:30 | Investigar | Stone Mining |
| 17:41 | Construir | Barracks |
| 17:57 | Construir | House |
| 18:06 | Construir | House |
| 18:53 | Crear | Villager (Male) |
| 19:59 | Edad | Edad de los Castillos |
| 20:46 | Crear | Villager (Male) |
| 20:47 | Crear | Villager (Male) |
| 20:50 | Investigar | Bow Saw |
| 20:52 | Investigar | Gold Shaft Mining |
| 21:39 | Crear | Villager (Male) |
| 21:39 | Crear | Villager (Male) |
| 21:39 | Crear | Villager (Male) |
| 22:13 | Construir | Town Center |
| 22:19 | Construir | Lumber Camp |
| 22:30 | Crear | Villager (Male) |
| 22:57 | Construir | Stable |
| 23:08 | Construir | University |
| 23:38 | Crear | Villager (Male) |
| 23:38 | Crear | Villager (Male) |
| 23:40 | Crear | Villager (Male) |
| 23:53 | Construir | Town Center |
| 24:04 | Crear | Villager (Male) |
| 24:07 | Crear | Villager (Male) |
| 24:07 | Crear | Villager (Male) |
| 24:34 | Investigar | Husbandry |
| 24:53 | Crear | Villager (Male) |
| 25:02 | Crear | Villager (Male) |
| 25:02 | Crear | Villager (Male) |
| 25:04 | Crear | Villager (Male) |
| 25:04 | Crear | Villager (Male) |
| 25:09 | Crear | Knight |
| 25:10 | Crear | Knight |
| 25:19 | Investigar | Scale Barding Armor |
| 25:23 | Investigar | Forging |
| 25:54 | Construir | Farm |
| 25:59 | Construir | Farm |
| 26:01 | Crear | Villager (Male) |
| 26:02 | Crear | Villager (Male) |
| 26:08 | Crear | Villager (Male) |
| 26:09 | Crear | Villager (Male) |
| 26:14 | Crear | Villager (Male) |
| 26:14 | Crear | Villager (Male) |
| 26:47 | Crear | Knight |
| 26:47 | Crear | Knight |
| 26:54 | Construir | House |
| 26:56 | Construir | House |
| 27:09 | Investigar | Chain Barding Armor |
| 27:15 | Crear | Knight |
| 27:21 | Construir | Farm |
| 27:26 | Construir | Farm |
| 27:36 | Construir | Stable |
| 27:54 | Construir | Stable |
| 27:59 | Construir | Stable |
| 28:15 | Investigar | Iron Casting |
| 28:18 | Crear | Knight |
| 28:20 | Crear | Knight |
| 28:22 | Crear | Knight |
| 28:39 | Crear | Knight |
| 28:39 | Crear | Knight |
| 29:48 | Construir | Monastery |
| 30:02 | Construir | Castle |
| 30:27 | Investigar | Murder Holes |
| 30:29 | Investigar | Ballistics |
| 30:44 | Crear | Villager (Male) |
| 30:45 | Crear | Villager (Male) |
| 30:57 | Crear | Villager (Male) |
| 30:58 | Crear | Villager (Male) |
| 30:58 | Crear | Villager (Male) |
| 30:59 | Crear | Villager (Male) |
| 31:21 | Construir | Farm |
| 31:22 | Construir | Farm |
| 31:29 | Construir | Farm |
| 31:34 | Crear | Villager (Male) |
| 31:34 | Crear | Villager (Male) |
| 31:37 | Crear | Villager (Male) |
| 31:37 | Crear | Villager (Male) |
| 32:18 | Crear | Villager (Male) |
| 32:18 | Crear | Villager (Male) |
| 32:22 | Crear | Villager (Male) |
| 32:22 | Crear | Villager (Male) |
| 32:28 | Crear | Villager (Male) |
Build order — mm_Roger
Primeras 150 de 232 acciones detectadas
| 0:01 | Crear | Villager (Male) |
| 0:01 | Crear | Villager (Male) |
| 0:01 | Crear | Villager (Male) |
| 0:02 | Crear | Villager (Male) |
| 0:06 | Construir | House |
| 0:08 | Construir | House |
| 1:34 | Crear | Villager (Male) |
| 1:51 | Construir | Lumber Camp |
| 1:55 | Crear | Villager (Male) |
| 2:29 | Crear | Villager (Male) |
| 2:42 | Crear | Villager (Male) |
| 3:12 | Crear | Villager (Male) |
| 3:48 | Crear | Villager (Male) |
| 3:52 | Construir | House |
| 3:53 | Construir | House |
| 4:09 | Crear | Villager (Male) |
| 4:20 | Construir | Mill |
| 4:31 | Crear | Villager (Male) |
| 5:37 | Crear | Villager (Male) |
| 5:37 | Crear | Villager (Male) |
| 5:38 | Crear | Villager (Male) |
| 6:14 | Crear | Villager (Male) |
| 6:14 | Crear | Villager (Male) |
| 6:15 | Investigar | Loom |
| 7:55 | Construir | House |
| 8:02 | Investigar | Feudal Age |
| 8:14 | Construir | Barracks |
| 8:57 | Construir | Mining Camp |
| 9:06 | Construir | Lumber Camp |
| 9:46 | Construir | Farm |
| 10:02 | Crear | Villager (Male) |
| 10:17 | Edad | Edad Feudal |
| 10:29 | Construir | Archery Range |
| 10:36 | Crear | Villager (Male) |
| 10:36 | Crear | Villager (Male) |
| 10:41 | Investigar | Double-Bit Axe |
| 10:52 | Crear | Villager (Male) |
| 11:27 | Construir | Blacksmith |
| 11:28 | Crear | Archer |
| 11:28 | Crear | Archer |
| 11:31 | Crear | Villager (Male) |
| 11:46 | Construir | Farm |
| 11:47 | Crear | Archer |
| 11:56 | Construir | House |
| 12:00 | Crear | Villager (Male) |
| 12:05 | Construir | House |
| 12:18 | Crear | Archer |
| 12:27 | Crear | Villager (Male) |
| 12:34 | Construir | Farm |
| 12:43 | Crear | Archer |
| 12:51 | Construir | House |
| 12:57 | Crear | Archer |
| 13:20 | Crear | Villager (Male) |
| 13:24 | Construir | House |
| 13:28 | Construir | Archery Range |
| 13:35 | Crear | Villager (Male) |
| 13:37 | Crear | Archer |
| 13:48 | Construir | House |
| 13:55 | Crear | Archer |
| 14:06 | Investigar | Horse Collar |
| 14:16 | Crear | Archer |
| 14:18 | Crear | Archer |
| 14:22 | Crear | Villager (Male) |
| 14:27 | Construir | House |
| 14:29 | Construir | House |
| 14:34 | Crear | Villager (Male) |
| 14:36 | Crear | Archer |
| 14:40 | Construir | Farm |
| 14:52 | Construir | Farm |
| 15:14 | Crear | Villager (Male) |
| 15:14 | Crear | Villager (Male) |
| 15:19 | Construir | Farm |
| 15:22 | Crear | Villager (Male) |
| 15:25 | Crear | Archer |
| 15:25 | Crear | Archer |
| 15:38 | Investigar | Fletching |
| 15:45 | Crear | Villager (Male) |
| 15:46 | Crear | Archer |
| 15:46 | Crear | Archer |
| 15:52 | Construir | Farm |
| 16:18 | Crear | Archer |
| 16:19 | Crear | Archer |
| 16:19 | Crear | Villager (Male) |
| 16:19 | Crear | Villager (Male) |
| 16:20 | Crear | Villager (Male) |
| 16:29 | Crear | Villager (Male) |
| 16:30 | Crear | Villager (Male) |
| 17:03 | Crear | Villager (Male) |
| 17:03 | Crear | Villager (Male) |
| 17:05 | Construir | Farm |
| 17:07 | Construir | Farm |
| 17:08 | Construir | Farm |
| 17:11 | Construir | Farm |
| 17:11 | Construir | Farm |
| 17:12 | Construir | Farm |
| 17:12 | Construir | Farm |
| 17:12 | Construir | Farm |
| 17:19 | Construir | House |
| 17:26 | Crear | Archer |
| 17:55 | Crear | Villager (Male) |
| 17:58 | Construir | Farm |
| 18:18 | Crear | Villager (Male) |
| 18:22 | Construir | Farm |
| 18:25 | Construir | Farm |
| 18:29 | Crear | Archer |
| 18:38 | Construir | House |
| 18:40 | Construir | House |
| 18:44 | Crear | Archer |
| 18:48 | Construir | Farm |
| 19:35 | Crear | Villager (Male) |
| 19:40 | Construir | Farm |
| 19:42 | Construir | Farm |
| 19:54 | Crear | Archer |
| 19:54 | Crear | Archer |
| 19:57 | Crear | Archer |
| 19:57 | Crear | Archer |
| 19:57 | Crear | Archer |
| 20:03 | Construir | House |
| 20:05 | Construir | House |
| 20:06 | Construir | House |
| 20:09 | Investigar | Castle Age |
| 20:11 | Crear | Archer |
| 20:25 | Investigar | Padded Archer Armor |
| 20:34 | Construir | House |
| 20:48 | Construir | Archery Range |
| 20:56 | Crear | Archer |
| 21:35 | Crear | Archer |
| 21:38 | Crear | Archer |
| 22:09 | Construir | House |
| 22:20 | Crear | Skirmisher |
| 22:20 | Crear | Skirmisher |
| 22:20 | Crear | Skirmisher |
| 22:35 | Crear | Archer |
| 22:35 | Crear | Archer |
| 22:36 | Crear | Archer |
| 22:49 | Edad | Edad de los Castillos |
| 22:51 | Investigar | Bodkin Arrow |
| 22:53 | Investigar | Crossbowman (upgrade) |
| 22:54 | Investigar | Thumb Ring |
| 23:10 | Investigar | Bow Saw |
| 23:11 | Crear | Villager (Male) |
| 23:11 | Crear | Villager (Male) |
| 23:11 | Crear | Villager (Male) |
| 23:39 | Construir | University |
| 23:55 | Crear | Villager (Male) |
| 23:56 | Crear | Villager (Male) |
| 24:24 | Crear | Villager (Male) |
| 24:44 | Investigar | Ballistics |
| 24:49 | Crear | Archer |
| 25:00 | Construir | Farm |
Build order — JewelerMaster
Primeras 150 de 174 acciones detectadas
| 0:03 | Crear | Villager (Male) |
| 0:03 | Crear | Villager (Male) |
| 0:03 | Crear | Villager (Male) |
| 0:03 | Crear | Villager (Male) |
| 0:05 | Construir | House |
| 0:07 | Construir | House |
| 1:24 | Construir | Lumber Camp |
| 1:28 | Crear | Villager (Male) |
| 2:05 | Crear | Villager (Male) |
| 2:05 | Crear | Villager (Male) |
| 2:40 | Crear | Villager (Male) |
| 3:17 | Construir | House |
| 3:24 | Construir | House |
| 3:32 | Crear | Villager (Male) |
| 3:37 | Crear | Villager (Male) |
| 3:38 | Crear | Villager (Male) |
| 4:46 | Crear | Villager (Male) |
| 4:46 | Crear | Villager (Male) |
| 4:47 | Crear | Villager (Male) |
| 5:08 | Construir | House |
| 5:15 | Construir | House |
| 5:23 | Construir | Mill |
| 6:18 | Construir | House |
| 6:21 | Construir | House |
| 6:23 | Construir | House |
| 6:27 | Crear | Villager (Male) |
| 6:28 | Crear | Villager (Male) |
| 6:28 | Crear | Villager (Male) |
| 6:49 | Construir | Farm |
| 6:53 | Construir | Farm |
| 6:58 | Construir | Farm |
| 7:07 | Crear | Villager (Male) |
| 7:36 | Construir | Farm |
| 7:38 | Crear | Villager (Male) |
| 8:13 | Crear | Villager (Male) |
| 8:13 | Crear | Villager (Male) |
| 8:24 | Construir | House |
| 8:25 | Construir | House |
| 8:32 | Crear | Villager (Male) |
| 8:44 | Investigar | Feudal Age |
| 9:24 | Crear | Villager (Male) |
| 9:24 | Crear | Villager (Male) |
| 9:42 | Construir | Mining Camp |
| 9:57 | Construir | Mining Camp |
| 10:13 | Construir | House |
| 10:31 | Crear | Villager (Male) |
| 10:31 | Crear | Villager (Male) |
| 11:07 | Edad | Edad Feudal |
| 11:13 | Investigar | Double-Bit Axe |
| 11:16 | Construir | House |
| 11:20 | Construir | House |
| 11:38 | Construir | Stone Wall |
| 11:45 | Construir | Stone Wall |
| 12:09 | Construir | Barracks |
| 12:14 | Construir | Gate |
| 12:21 | Construir | Stone Wall |
| 12:44 | Crear | Villager (Male) |
| 12:44 | Crear | Villager (Male) |
| 12:55 | Construir | Lumber Camp |
| 13:15 | Construir | Stone Wall |
| 13:27 | Construir | Farm |
| 13:34 | Crear | Villager (Male) |
| 13:34 | Crear | Villager (Male) |
| 13:42 | Crear | Villager (Male) |
| 13:43 | Crear | Villager (Male) |
| 14:04 | Construir | Archery Range |
| 14:21 | Construir | Blacksmith |
| 14:27 | Construir | House |
| 14:39 | Construir | Farm |
| 14:40 | Construir | Farm |
| 14:52 | Construir | Farm |
| 15:23 | Construir | Stone Wall |
| 15:38 | Construir | Market |
| 15:41 | Construir | House |
| 15:43 | Construir | House |
| 15:45 | Construir | House |
| 15:47 | Construir | House |
| 16:02 | Investigar | Fletching |
| 16:06 | Crear | Archer |
| 16:06 | Crear | Archer |
| 16:23 | Investigar | Loom |
| 17:27 | Construir | House |
| 17:30 | Construir | House |
| 17:40 | Crear | Archer |
| 17:41 | Crear | Archer |
| 17:41 | Crear | Archer |
| 18:24 | Construir | Farm |
| 18:38 | Construir | House |
| 18:41 | Construir | House |
| 19:40 | Construir | Stone Wall |
| 20:02 | Investigar | Wheelbarrow |
| 20:22 | Investigar | Horse Collar |
| 20:26 | Crear | Archer |
| 21:22 | Investigar | Gold Mining |
| 21:45 | Crear | Villager (Male) |
| 21:46 | Crear | Villager (Male) |
| 21:46 | Crear | Villager (Male) |
| 21:51 | Construir | Farm |
| 22:22 | Crear | Villager (Male) |
| 22:23 | Crear | Villager (Male) |
| 22:26 | Investigar | Castle Age |
| 22:56 | Crear | Skirmisher |
| 22:56 | Crear | Skirmisher |
| 22:56 | Crear | Skirmisher |
| 23:01 | Crear | Archer |
| 23:01 | Crear | Archer |
| 23:05 | Investigar | Man-at-Arms (upgrade) |
| 23:09 | Crear | Militia |
| 23:09 | Crear | Militia |
| 23:09 | Crear | Militia |
| 24:20 | Construir | Farm |
| 24:22 | Construir | Farm |
| 24:40 | Investigar | Stone Mining |
| 25:15 | Edad | Edad de los Castillos |
| 25:29 | Investigar | Elite Skirmisher (upgrade) |
| 25:29 | Crear | Skirmisher |
| 25:30 | Crear | Skirmisher |
| 25:34 | Investigar | Long Swordsman (upgrade) |
| 25:36 | Investigar | Squires |
| 25:43 | Construir | Farm |
| 26:18 | Investigar | Padded Archer Armor |
| 26:40 | Construir | Town Center |
| 26:42 | Construir | Farm |
| 26:42 | Construir | Farm |
| 26:42 | Construir | Farm |
| 26:42 | Construir | Farm |
| 26:43 | Construir | Farm |
| 26:43 | Construir | Farm |
| 27:07 | Crear | Militia |
| 27:07 | Crear | Militia |
| 27:09 | Crear | Militia |
| 28:08 | Crear | Skirmisher |
| 28:08 | Crear | Skirmisher |
| 28:10 | Crear | Militia |
| 28:10 | Crear | Militia |
| 28:39 | Crear | Villager (Male) |
| 28:39 | Crear | Villager (Male) |
| 28:39 | Crear | Villager (Male) |
| 28:54 | Construir | Castle |
| 28:59 | Crear | Skirmisher |
| 29:00 | Crear | Skirmisher |
| 29:06 | Crear | Militia |
| 29:06 | Crear | Militia |
| 29:23 | Investigar | Scale Mail Armor |
| 29:32 | Construir | Farm |
| 29:33 | Construir | Farm |
| 29:37 | Construir | Farm |
| 30:21 | Crear | Gbeto |
| 30:21 | Crear | Gbeto |
| 30:21 | Crear | Gbeto |
Build order — Drudge
Primeras 150 de 166 acciones detectadas
| 0:05 | Construir | House |
| 0:06 | Construir | House |
| 0:07 | Crear | Villager (Male) |
| 0:07 | Crear | Villager (Male) |
| 0:08 | Crear | Villager (Male) |
| 1:10 | Crear | Villager (Male) |
| 1:36 | Crear | Villager (Male) |
| 1:52 | Construir | Settlement |
| 2:18 | Crear | Villager (Male) |
| 2:35 | Crear | Villager (Male) |
| 3:12 | Crear | Villager (Male) |
| 3:30 | Construir | House |
| 3:33 | Construir | Palisade Wall |
| 3:40 | Crear | Villager (Male) |
| 4:09 | Crear | Villager (Male) |
| 4:11 | Crear | Villager (Male) |
| 5:05 | Crear | Villager (Male) |
| 5:45 | Investigar | Loom |
| 6:21 | Crear | Villager (Male) |
| 6:22 | Crear | Villager (Male) |
| 6:39 | Crear | Villager (Male) |
| 7:25 | Crear | Villager (Male) |
| 7:34 | Construir | House |
| 7:39 | Construir | Palisade Wall |
| 8:02 | Crear | Villager (Male) |
| 8:29 | Construir | Barracks |
| 8:40 | Investigar | Feudal Age |
| 8:50 | Construir | Settlement |
| 9:14 | Construir | House |
| 9:18 | Construir | Palisade Wall |
| 9:38 | Crear | Villager (Male) |
| 9:52 | Crear | Unit 2550 |
| 10:37 | Crear | Unit 2550 |
| 10:50 | Edad | Edad Feudal |
| 10:51 | Crear | Villager (Male) |
| 10:57 | Investigar | Double-Bit Axe |
| 11:21 | Investigar | Gold Mining |
| 12:04 | Crear | Villager (Male) |
| 12:04 | Crear | Villager (Male) |
| 12:24 | Investigar | Horse Collar |
| 12:28 | Crear | Unit 2550 |
| 12:39 | Construir | Farm |
| 12:53 | Construir | Farm |
| 12:54 | Construir | Farm |
| 12:55 | Construir | Farm |
| 12:56 | Construir | Farm |
| 13:02 | Crear | Villager (Male) |
| 13:29 | Crear | Villager (Male) |
| 13:35 | Crear | Villager (Male) |
| 13:58 | Construir | Farm |
| 14:09 | Investigar | Tech 1402 |
| 14:19 | Construir | Farm |
| 14:24 | Crear | Villager (Male) |
| 14:45 | Construir | Archery Range |
| 15:03 | Crear | Villager (Male) |
| 15:03 | Crear | Villager (Male) |
| 15:20 | Construir | Farm |
| 15:22 | Construir | Farm |
| 15:23 | Construir | Farm |
| 15:26 | Construir | Farm |
| 16:12 | Crear | Villager (Male) |
| 16:13 | Crear | Villager (Male) |
| 16:39 | Crear | Villager (Male) |
| 16:43 | Construir | Farm |
| 16:44 | Construir | Farm |
| 16:44 | Construir | Farm |
| 17:21 | Crear | Villager (Male) |
| 17:21 | Crear | Villager (Male) |
| 18:04 | Crear | Villager (Male) |
| 18:23 | Crear | Villager (Male) |
| 18:23 | Crear | Villager (Male) |
| 18:28 | Construir | Farm |
| 18:31 | Construir | Farm |
| 18:32 | Construir | Farm |
| 18:44 | Construir | House |
| 18:46 | Construir | House |
| 19:27 | Crear | Villager (Male) |
| 19:41 | Construir | Farm |
| 19:48 | Construir | Farm |
| 19:48 | Construir | Farm |
| 19:48 | Construir | Farm |
| 19:59 | Construir | Farm |
| 20:08 | Crear | Villager (Male) |
| 20:18 | Construir | Blacksmith |
| 20:22 | Crear | Archer |
| 20:22 | Crear | Archer |
| 20:32 | Crear | Villager (Male) |
| 20:58 | Construir | House |
| 21:03 | Construir | Palisade Wall |
| 21:07 | Investigar | Castle Age |
| 21:14 | Construir | Archery Range |
| 21:21 | Investigar | Fletching |
| 21:25 | Crear | Unit 2550 |
| 21:38 | Construir | Farm |
| 21:41 | Construir | Farm |
| 21:47 | Construir | Farm |
| 21:53 | Crear | Villager (Male) |
| 21:54 | Crear | Villager (Male) |
| 22:01 | Investigar | Scale Mail Armor |
| 22:08 | Crear | Archer |
| 22:09 | Crear | Archer |
| 22:23 | Crear | Unit 2550 |
| 22:32 | Construir | Watch Tower |
| 22:48 | Crear | Skirmisher |
| 22:49 | Crear | Skirmisher |
| 23:47 | Edad | Edad de los Castillos |
| 24:03 | Construir | Settlement |
| 24:19 | Crear | Unit 2550 |
| 24:53 | Crear | Villager (Male) |
| 25:03 | Crear | Villager (Male) |
| 25:37 | Investigar | Crossbowman (upgrade) |
| 25:42 | Investigar | Elite Skirmisher (upgrade) |
| 25:44 | Crear | Villager (Male) |
| 25:44 | Crear | Villager (Male) |
| 25:45 | Crear | Villager (Male) |
| 25:51 | Crear | Unit 2550 |
| 25:52 | Crear | Unit 2550 |
| 25:56 | Construir | Barracks |
| 26:23 | Investigar | Bow Saw |
| 26:41 | Crear | Villager (Male) |
| 26:50 | Crear | Unit 2550 |
| 26:50 | Crear | Unit 2550 |
| 26:51 | Crear | Unit 2550 |
| 26:56 | Investigar | Tech 1351 |
| 26:57 | Investigar | Squires |
| 27:00 | Investigar | Chain Mail Armor |
| 27:01 | Investigar | Forging |
| 27:04 | Investigar | Bodkin Arrow |
| 27:08 | Crear | Villager (Male) |
| 27:25 | Crear | Villager (Male) |
| 27:31 | Construir | House |
| 27:33 | Construir | House |
| 28:31 | Construir | Settlement |
| 28:33 | Crear | Villager (Male) |
| 28:34 | Crear | Villager (Male) |
| 28:46 | Crear | Skirmisher |
| 28:47 | Crear | Skirmisher |
| 28:54 | Crear | Unit 2550 |
| 28:54 | Crear | Unit 2550 |
| 29:00 | Investigar | Gold Shaft Mining |
| 29:08 | Crear | Villager (Male) |
| 29:19 | Crear | Villager (Male) |
| 29:52 | Crear | Petard ×5 |
| 30:51 | Construir | House |
| 30:53 | Construir | House |
| 31:03 | Crear | Archer |
| 31:04 | Crear | Archer |
| 31:06 | Crear | Skirmisher |
| 31:07 | Crear | Skirmisher |
| 32:24 | Construir | Town Center |
Build order — kosyovelikov
90 acciones detectadas en el replay
| 0:08 | Crear | Villager (Male) ×4 |
| 0:37 | Construir | House |
| 0:38 | Construir | House |
| 1:18 | Construir | Lumber Camp |
| 2:10 | Crear | Villager (Male) |
| 2:20 | Investigar | Loom |
| 3:47 | Crear | Villager (Male) |
| 3:48 | Crear | Villager (Male) |
| 4:39 | Construir | Mill |
| 5:17 | Crear | Villager (Male) |
| 5:17 | Crear | Villager (Male) |
| 7:24 | Construir | Barracks |
| 8:09 | Investigar | Feudal Age |
| 9:02 | Construir | House |
| 9:04 | Construir | House |
| 9:06 | Construir | House |
| 9:07 | Construir | House |
| 10:19 | Edad | Edad Feudal |
| 10:31 | Crear | Villager (Male) |
| 10:31 | Crear | Villager (Male) |
| 10:35 | Investigar | Wheelbarrow |
| 10:37 | Investigar | Double-Bit Axe |
| 10:54 | Construir | Watch Tower |
| 11:28 | Construir | Farm |
| 11:31 | Construir | Farm |
| 11:36 | Construir | Farm |
| 11:37 | Construir | Farm |
| 11:42 | Crear | Villager (Male) |
| 11:42 | Crear | Villager (Male) |
| 11:54 | Construir | Farm |
| 12:24 | Construir | Farm |
| 12:37 | Crear | Villager (Male) |
| 12:37 | Crear | Villager (Male) |
| 13:08 | Construir | Farm |
| 13:09 | Crear | Villager (Male) |
| 13:09 | Crear | Villager (Male) |
| 13:41 | Construir | Farm |
| 13:44 | Crear | Villager (Male) |
| 13:53 | Crear | Villager (Male) |
| 14:26 | Crear | Villager (Male) |
| 14:26 | Crear | Villager (Male) |
| 14:36 | Construir | Farm |
| 14:40 | Crear | Villager (Male) |
| 14:40 | Crear | Villager (Male) |
| 15:05 | Investigar | Horse Collar |
| 15:08 | Construir | Farm |
| 15:28 | Construir | Farm |
| 15:30 | Crear | Villager (Male) |
| 15:30 | Crear | Villager (Male) |
| 15:37 | Crear | Villager (Male) |
| 15:59 | Construir | Farm |
| 16:21 | Crear | Villager (Male) |
| 16:21 | Crear | Villager (Male) |
| 16:32 | Construir | Stable |
| 17:16 | Construir | Farm |
| 17:22 | Crear | Scout Cavalry |
| 17:22 | Crear | Scout Cavalry |
| 17:54 | Crear | Scout Cavalry |
| 17:54 | Crear | Scout Cavalry |
| 18:19 | Crear | Scout Cavalry |
| 18:25 | Crear | Scout Cavalry |
| 19:14 | Crear | Scout Cavalry |
| 19:15 | Crear | Scout Cavalry |
| 19:15 | Crear | Scout Cavalry |
| 19:37 | Construir | Lumber Camp |
| 19:39 | Crear | Scout Cavalry |
| 20:02 | Crear | Scout Cavalry |
| 20:02 | Crear | Scout Cavalry |
| 20:05 | Construir | Farm |
| 20:11 | Crear | Villager (Male) |
| 20:11 | Crear | Villager (Male) ×2 |
| 20:37 | Crear | Scout Cavalry |
| 20:51 | Construir | Farm |
| 20:54 | Crear | Villager (Male) |
| 21:04 | Crear | Villager (Male) |
| 21:05 | Crear | Villager (Male) |
| 21:11 | Construir | Mining Camp |
| 21:17 | Crear | Scout Cavalry |
| 21:45 | Crear | Villager (Male) ×2 |
| 21:54 | Construir | House |
| 21:56 | Construir | House |
| 21:57 | Construir | House |
| 22:06 | Crear | Scout Cavalry |
| 22:09 | Crear | Villager (Male) |
| 22:29 | Crear | Villager (Male) |
| 23:15 | Crear | Villager (Male) |
| 23:15 | Crear | Villager (Male) |
| 23:51 | Construir | Farm |
| 24:14 | Construir | Blacksmith |
| 24:55 | Construir | Market |
Build order — donhedegaard
Primeras 150 de 250 acciones detectadas
| 0:03 | Construir | House |
| 0:04 | Construir | House |
| 0:06 | Crear | Villager (Male) |
| 0:06 | Crear | Villager (Male) |
| 0:06 | Crear | Villager (Male) |
| 0:07 | Crear | Villager (Male) |
| 0:28 | Crear | Villager (Male) |
| 0:29 | Crear | Villager (Male) |
| 1:33 | Crear | Villager (Male) |
| 2:12 | Crear | Villager (Male) |
| 2:39 | Crear | Villager (Male) |
| 3:03 | Crear | Villager (Male) |
| 3:40 | Construir | Mill |
| 3:48 | Crear | Villager (Male) |
| 3:56 | Construir | House |
| 3:57 | Construir | House |
| 3:59 | Construir | House |
| 4:05 | Crear | Villager (Male) |
| 4:05 | Crear | Villager (Male) |
| 4:32 | Crear | Villager (Male) |
| 5:01 | Crear | Villager (Male) |
| 5:01 | Crear | Villager (Male) |
| 5:01 | Crear | Villager (Male) |
| 5:37 | Construir | Lumber Camp |
| 5:47 | Crear | Villager (Male) |
| 5:48 | Crear | Villager (Male) |
| 6:26 | Crear | Villager (Male) |
| 6:27 | Crear | Villager (Male) |
| 7:56 | Crear | Villager (Male) |
| 7:56 | Crear | Villager (Male) |
| 9:06 | Crear | Villager (Male) |
| 9:06 | Crear | Villager (Male) |
| 9:18 | Investigar | Feudal Age |
| 9:34 | Construir | Barracks |
| 9:44 | Construir | Farm |
| 9:50 | Construir | Farm |
| 10:05 | Construir | Mining Camp |
| 10:35 | Construir | Farm |
| 10:39 | Construir | Farm |
| 10:44 | Construir | Farm |
| 10:49 | Construir | Farm |
| 11:26 | Crear | Villager (Male) |
| 11:26 | Crear | Villager (Male) |
| 11:28 | Investigar | Loom |
| 11:34 | Edad | Edad Feudal |
| 11:56 | Construir | Blacksmith |
| 12:09 | Crear | Villager (Male) |
| 12:09 | Crear | Villager (Male) |
| 12:11 | Crear | Villager (Male) |
| 13:00 | Construir | Stable |
| 13:32 | Construir | House |
| 13:34 | Construir | House |
| 13:36 | Construir | House |
| 13:38 | Construir | House |
| 13:39 | Construir | House |
| 13:58 | Construir | Farm |
| 14:02 | Investigar | Bloodlines |
| 14:16 | Construir | Farm |
| 14:19 | Construir | Farm |
| 14:42 | Investigar | Castle Age |
| 15:12 | Construir | Farm |
| 15:36 | Construir | Farm |
| 15:43 | Construir | Farm |
| 15:53 | Construir | Farm |
| 16:01 | Construir | Farm |
| 16:17 | Investigar | Double-Bit Axe |
| 16:24 | Investigar | Loom |
| 17:08 | Edad | Edad de los Castillos |
| 17:16 | Construir | Town Center |
| 17:57 | Crear | Villager (Male) |
| 17:58 | Crear | Villager (Male) |
| 17:58 | Crear | Villager (Male) |
| 17:58 | Crear | Villager (Male) |
| 17:59 | Crear | Villager (Male) |
| 17:59 | Crear | Villager (Male) |
| 17:59 | Crear | Villager (Male) |
| 18:00 | Crear | Villager (Male) |
| 18:00 | Crear | Villager (Male) |
| 18:00 | Crear | Villager (Male) |
| 18:01 | Crear | Villager (Male) |
| 18:01 | Crear | Villager (Male) |
| 19:24 | Construir | Town Center |
| 19:44 | Construir | Farm |
| 19:50 | Crear | Villager (Male) |
| 19:50 | Crear | Villager (Male) |
| 19:51 | Crear | Villager (Male) |
| 19:51 | Crear | Villager (Male) |
| 19:51 | Crear | Villager (Male) |
| 19:52 | Crear | Villager (Male) |
| 19:52 | Crear | Villager (Male) |
| 19:52 | Crear | Villager (Male) |
| 19:53 | Crear | Villager (Male) |
| 19:58 | Construir | Farm |
| 20:14 | Construir | Farm |
| 20:31 | Crear | Villager (Male) |
| 20:31 | Crear | Villager (Male) |
| 20:31 | Crear | Villager (Male) |
| 20:48 | Investigar | Horse Collar |
| 20:58 | Crear | Villager (Male) |
| 21:01 | Crear | Villager (Male) |
| 21:16 | Crear | Villager (Male) |
| 21:33 | Construir | Monastery |
| 21:52 | Construir | Farm |
| 21:55 | Construir | Farm |
| 22:01 | Construir | Farm |
| 22:06 | Crear | Villager (Male) |
| 22:06 | Crear | Villager (Male) |
| 22:08 | Crear | Villager (Male) |
| 22:08 | Crear | Villager (Male) |
| 22:14 | Crear | Villager (Male) |
| 22:26 | Construir | Mining Camp |
| 22:48 | Construir | House |
| 22:49 | Construir | House |
| 22:50 | Construir | House |
| 22:51 | Construir | House |
| 22:52 | Construir | House |
| 22:53 | Construir | House |
| 22:56 | Construir | House |
| 23:02 | Construir | Farm |
| 23:06 | Construir | Farm |
| 23:30 | Investigar | Husbandry |
| 23:36 | Investigar | Scale Barding Armor |
| 23:46 | Crear | Villager (Male) |
| 23:47 | Crear | Villager (Male) |
| 23:47 | Crear | Villager (Male) |
| 23:51 | Crear | Villager (Male) |
| 24:03 | Crear | Villager (Male) |
| 24:15 | Crear | Villager (Male) |
| 24:40 | Construir | Lumber Camp |
| 24:51 | Crear | Villager (Male) |
| 24:51 | Crear | Villager (Male) |
| 24:52 | Crear | Villager (Male) |
| 25:20 | Crear | Knight |
| 25:20 | Crear | Knight |
| 25:21 | Crear | Knight |
| 25:30 | Construir | Stable |
| 25:33 | Construir | Stable |
| 25:36 | Construir | Stable |
| 25:56 | Crear | Villager (Male) |
| 25:57 | Crear | Villager (Male) |
| 25:57 | Crear | Villager (Male) |
| 25:57 | Crear | Villager (Male) |
| 26:05 | Construir | Farm |
| 26:12 | Construir | Farm |
| 26:16 | Construir | Farm |
| 26:21 | Construir | Farm |
| 26:33 | Construir | Farm |
| 26:37 | Crear | Knight |
| 26:38 | Crear | Knight |
| 26:42 | Crear | Villager (Male) |
Build order — WannaBee
Primeras 150 de 209 acciones detectadas
| 0:05 | Crear | Villager (Male) |
| 0:05 | Crear | Villager (Male) |
| 0:06 | Crear | Villager (Male) |
| 0:06 | Crear | Villager (Male) |
| 0:08 | Construir | House |
| 0:10 | Construir | House |
| 2:06 | Crear | Villager (Male) |
| 2:07 | Crear | Villager (Male) |
| 2:17 | Crear | Villager (Male) |
| 2:38 | Construir | Lumber Camp |
| 3:00 | Crear | Villager (Male) |
| 3:01 | Crear | Villager (Male) |
| 3:21 | Crear | Villager (Male) |
| 3:59 | Crear | Villager (Male) |
| 4:16 | Construir | Mill |
| 4:21 | Crear | Villager (Male) |
| 4:44 | Construir | House |
| 5:02 | Crear | Villager (Male) |
| 5:02 | Crear | Villager (Male) |
| 5:16 | Construir | House |
| 5:29 | Crear | Villager (Male) |
| 5:40 | Construir | House |
| 5:46 | Crear | Villager (Male) |
| 6:13 | Crear | Villager (Male) |
| 6:13 | Crear | Villager (Male) |
| 6:16 | Investigar | Loom |
| 6:48 | Crear | Villager (Male) |
| 7:12 | Construir | House |
| 7:27 | Construir | House |
| 8:26 | Crear | Villager (Male) |
| 8:27 | Crear | Villager (Male) |
| 8:28 | Crear | Villager (Male) |
| 8:28 | Crear | Villager (Male) |
| 8:28 | Crear | Villager (Male) |
| 8:28 | Crear | Villager (Male) |
| 8:29 | Crear | Villager (Male) |
| 8:30 | Crear | Villager (Male) |
| 8:30 | Crear | Villager (Male) |
| 8:36 | Construir | Lumber Camp |
| 9:03 | Construir | House |
| 12:36 | Construir | Farm |
| 12:36 | Construir | Farm |
| 12:36 | Construir | Farm |
| 12:37 | Construir | Farm |
| 12:37 | Construir | Farm |
| 12:37 | Construir | Farm |
| 12:37 | Construir | Farm |
| 12:38 | Construir | Farm |
| 12:42 | Investigar | Feudal Age |
| 12:46 | Construir | Farm |
| 12:47 | Construir | Farm |
| 12:47 | Construir | Farm |
| 12:47 | Construir | Farm |
| 12:48 | Construir | Farm |
| 12:48 | Construir | Farm |
| 12:48 | Construir | Farm |
| 12:49 | Construir | Farm |
| 12:54 | Construir | Mining Camp |
| 13:15 | Crear | Villager (Male) |
| 13:15 | Crear | Villager (Male) |
| 13:15 | Crear | Villager (Male) |
| 14:08 | Construir | Barracks |
| 14:52 | Edad | Edad Feudal |
| 15:03 | Construir | Market |
| 15:09 | Construir | Blacksmith |
| 15:19 | Construir | Stable |
| 15:25 | Investigar | Double-Bit Axe |
| 15:54 | Investigar | Castle Age |
| 16:00 | Investigar | Horse Collar |
| 16:28 | Investigar | Gold Mining |
| 16:48 | Crear | Villager (Male) |
| 16:48 | Crear | Villager (Male) |
| 16:49 | Crear | Villager (Male) |
| 17:21 | Construir | House |
| 17:26 | Construir | House |
| 17:30 | Construir | House |
| 17:36 | Construir | House |
| 17:39 | Construir | House |
| 17:43 | Construir | House |
| 17:47 | Construir | House |
| 17:50 | Construir | House |
| 18:04 | Investigar | Bloodlines |
| 18:08 | Investigar | Stone Mining |
| 18:36 | Investigar | Arson |
| 18:40 | Crear | Spearman |
| 18:40 | Crear | Spearman |
| 18:41 | Crear | Spearman |
| 18:42 | Crear | Spearman |
| 18:42 | Crear | Spearman |
| 18:47 | Edad | Edad de los Castillos |
| 18:59 | Construir | Town Center |
| 19:09 | Investigar | Squires |
| 19:19 | Construir | Town Center |
| 19:27 | Investigar | Town Watch |
| 20:00 | Construir | House |
| 20:06 | Construir | House |
| 20:11 | Construir | House |
| 20:15 | Construir | House |
| 20:20 | Construir | House |
| 20:27 | Construir | House |
| 20:31 | Construir | House |
| 20:36 | Crear | Villager (Male) |
| 20:36 | Crear | Villager (Male) |
| 20:36 | Crear | Villager (Male) |
| 20:43 | Investigar | Wheelbarrow |
| 21:04 | Crear | Villager (Male) |
| 21:04 | Crear | Villager (Male) |
| 21:04 | Crear | Villager (Male) |
| 21:12 | Crear | Villager (Male) |
| 21:13 | Crear | Villager (Male) |
| 21:24 | Crear | Villager (Male) |
| 21:34 | Crear | Villager (Male) |
| 21:34 | Crear | Villager (Male) |
| 21:38 | Construir | Monastery |
| 21:49 | Construir | University |
| 22:02 | Crear | Villager (Male) |
| 22:02 | Crear | Villager (Male) |
| 22:08 | Crear | Villager (Male) |
| 22:11 | Crear | Villager (Male) |
| 22:16 | Construir | Farm |
| 22:24 | Construir | Farm |
| 22:43 | Investigar | Pikeman (upgrade) |
| 23:02 | Crear | Villager (Male) |
| 23:03 | Crear | Villager (Male) |
| 23:05 | Crear | Villager (Male) |
| 23:10 | Crear | Villager (Male) |
| 23:16 | Crear | Villager (Male) |
| 23:27 | Crear | Villager (Male) |
| 23:37 | Investigar | Ballistics |
| 23:42 | Investigar | Fletching |
| 23:52 | Construir | Stable |
| 23:53 | Construir | Stable |
| 23:55 | Construir | Stable |
| 24:04 | Construir | Barracks |
| 24:10 | Construir | Barracks |
| 24:16 | Crear | Villager (Male) |
| 24:17 | Crear | Villager (Male) |
| 24:18 | Crear | Villager (Male) |
| 24:33 | Investigar | Bow Saw |
| 24:56 | Construir | Farm |
| 25:08 | Construir | Lumber Camp |
| 25:11 | Construir | Farm |
| 25:28 | Crear | Villager (Male) |
| 25:28 | Crear | Villager (Male) |
| 25:30 | Crear | Villager (Male) |
| 25:33 | Crear | Villager (Male) |
| 25:33 | Crear | Villager (Male) |
| 25:35 | Crear | Villager (Male) |
| 25:43 | Construir | House |
| 25:44 | Construir | House |
Build order — GandalfEzy
Primeras 150 de 212 acciones detectadas
| 0:02 | Crear | Villager (Male) |
| 0:03 | Investigar | Loom |
| 0:04 | Crear | Villager (Male) |
| 0:04 | Crear | Villager (Male) |
| 0:04 | Crear | Villager (Male) |
| 0:05 | Crear | Villager (Male) |
| 0:05 | Crear | Villager (Male) |
| 0:11 | Construir | House |
| 0:15 | Construir | House |
| 1:49 | Crear | Villager (Male) |
| 1:49 | Crear | Villager (Male) |
| 1:50 | Crear | Villager (Male) |
| 2:39 | Crear | Villager (Male) |
| 2:39 | Crear | Villager (Male) |
| 2:39 | Crear | Villager (Male) |
| 2:53 | Crear | Villager (Male) |
| 2:54 | Crear | Villager (Male) |
| 3:11 | Construir | House |
| 3:45 | Crear | Villager (Male) |
| 3:46 | Crear | Villager (Male) |
| 3:46 | Crear | Villager (Male) |
| 3:46 | Crear | Villager (Male) |
| 3:47 | Crear | Villager (Male) |
| 4:00 | Construir | Lumber Camp |
| 4:46 | Crear | Villager (Male) |
| 4:46 | Crear | Villager (Male) |
| 4:46 | Crear | Villager (Male) |
| 6:24 | Crear | Villager (Male) |
| 6:25 | Crear | Villager (Male) |
| 6:25 | Crear | Villager (Male) |
| 6:25 | Crear | Villager (Male) |
| 6:26 | Crear | Villager (Male) |
| 6:26 | Crear | Villager (Male) |
| 6:26 | Crear | Villager (Male) |
| 6:27 | Crear | Villager (Male) |
| 6:27 | Crear | Villager (Male) |
| 6:45 | Construir | House |
| 6:56 | Construir | Mill |
| 7:43 | Construir | House |
| 7:50 | Construir | House |
| 8:25 | Construir | House |
| 8:33 | Construir | House |
| 8:44 | Construir | Farm |
| 8:57 | Construir | Palisade Wall |
| 9:11 | Construir | House |
| 9:16 | Crear | Villager (Male) |
| 9:26 | Construir | House |
| 9:36 | Crear | Villager (Male) |
| 9:49 | Construir | Farm |
| 10:10 | Construir | Palisade Wall |
| 10:18 | Construir | Palisade Wall |
| 10:29 | Construir | House |
| 10:31 | Investigar | Feudal Age |
| 10:43 | Construir | Lumber Camp |
| 11:12 | Construir | Palisade Wall |
| 11:31 | Construir | House |
| 11:57 | Construir | Palisade Wall |
| 12:12 | Construir | Farm |
| 12:13 | Construir | Farm |
| 12:25 | Construir | Palisade Gate |
| 12:41 | Edad | Edad Feudal |
| 12:42 | Construir | Palisade Wall |
| 12:47 | Construir | House |
| 12:51 | Crear | Villager (Male) |
| 12:52 | Crear | Villager (Male) |
| 12:54 | Investigar | Double-Bit Axe |
| 13:01 | Investigar | Horse Collar |
| 13:20 | Construir | Palisade Gate |
| 13:49 | Construir | Palisade Wall |
| 13:53 | Construir | House |
| 14:03 | Construir | Mining Camp |
| 14:16 | Construir | Palisade Wall |
| 14:33 | Construir | Barracks |
| 14:38 | Crear | Villager (Male) |
| 14:38 | Crear | Villager (Male) |
| 15:20 | Construir | Blacksmith |
| 15:33 | Construir | Farm |
| 15:37 | Construir | Farm |
| 15:38 | Construir | Farm |
| 15:39 | Construir | Farm |
| 15:47 | Construir | Farm |
| 15:50 | Crear | Villager (Male) |
| 15:51 | Crear | Villager (Male) |
| 16:03 | Construir | Farm |
| 16:05 | Construir | Farm |
| 16:11 | Construir | Farm |
| 16:23 | Investigar | Gold Mining |
| 16:27 | Crear | Spearman |
| 16:27 | Crear | Spearman |
| 16:50 | Construir | Mining Camp |
| 17:07 | Construir | Farm |
| 17:08 | Construir | Farm |
| 17:10 | Construir | Farm |
| 17:12 | Crear | Villager (Male) |
| 17:13 | Crear | Villager (Male) |
| 17:46 | Construir | Farm |
| 17:49 | Construir | Farm |
| 17:50 | Construir | Farm |
| 17:51 | Construir | Farm |
| 17:54 | Crear | Villager (Male) |
| 17:54 | Crear | Villager (Male) |
| 18:29 | Construir | Mill |
| 18:37 | Construir | Farm |
| 18:37 | Construir | Farm |
| 18:40 | Construir | Farm |
| 18:43 | Construir | Farm |
| 18:44 | Crear | Villager (Male) |
| 19:16 | Construir | Farm |
| 19:18 | Construir | Farm |
| 19:20 | Construir | Farm |
| 19:24 | Crear | Villager (Male) |
| 19:51 | Crear | Villager (Male) |
| 20:12 | Crear | Villager (Male) |
| 20:18 | Construir | Mill |
| 20:38 | Construir | Market |
| 20:43 | Crear | Villager (Male) |
| 21:03 | Construir | Stone Wall |
| 21:11 | Investigar | Wheelbarrow |
| 21:49 | Construir | Lumber Camp |
| 22:24 | Construir | Gate |
| 22:30 | Investigar | Castle Age |
| 22:47 | Construir | Stable |
| 22:53 | Construir | Stable |
| 22:57 | Construir | Archery Range |
| 23:01 | Construir | Archery Range |
| 23:35 | Construir | Stone Wall |
| 23:53 | Investigar | Stone Mining |
| 24:21 | Construir | Stone Wall |
| 24:40 | Construir | Archery Range |
| 24:42 | Construir | Archery Range |
| 25:05 | Construir | Stone Wall |
| 25:10 | Edad | Edad de los Castillos |
| 25:11 | Investigar | Bloodlines |
| 25:17 | Investigar | Scale Barding Armor |
| 25:22 | Crear | Unit 1944 |
| 25:23 | Crear | Unit 1944 |
| 25:27 | Crear | Unit 1952 |
| 25:28 | Crear | Unit 1952 |
| 25:30 | Investigar | Heavy Plow |
| 25:32 | Crear | Villager (Male) |
| 25:32 | Crear | Villager (Male) |
| 25:34 | Construir | Farm |
| 25:34 | Construir | Farm |
| 26:06 | Construir | Stone Wall |
| 26:10 | Construir | Gate |
| 26:31 | Construir | Stone Wall |
| 26:40 | Crear | Unit 1952 ×5 |
| 26:49 | Crear | Villager (Male) |
| 26:49 | Crear | Villager (Male) |
| 26:50 | Crear | Villager (Male) |
Cronología de la partida
| 3:33 | Drudge · wall_segment Palisade Wall x2 |
| 7:24 | kosyovelikov · first_building Barracks |
| 7:39 | Drudge · wall_segment Palisade Wall x3 |
| 8:14 | mm_Roger · first_building Barracks |
| 8:29 | Drudge · first_building Barracks |
| 8:57 | GandalfEzy · wall_segment Palisade Wall x5 |
| 9:18 | Drudge · wall_segment Palisade Wall x5 |
| 9:34 | donhedegaard · first_building Barracks |
| 10:10 | GandalfEzy · wall_segment Palisade Wall x7 |
| 10:17 | mm_Roger · age_up feudal |
| 10:18 | GandalfEzy · wall_segment Palisade Wall x5 |
| 10:19 | kosyovelikov · age_up feudal |
| 10:29 | mm_Roger · first_building Archery Range |
| 10:50 | Drudge · age_up feudal |
| 11:07 | JewelerMaster · age_up feudal |
| 11:12 | GandalfEzy · wall_segment Palisade Wall x10 |
| 11:34 | donhedegaard · age_up feudal |
| 11:38 | JewelerMaster · wall_segment Stone Wall x6 |
| 11:45 | JewelerMaster · wall_segment Stone Wall x4 |
| 11:57 | GandalfEzy · wall_segment Palisade Wall x15 |
| 12:09 | JewelerMaster · first_building Barracks |
| 12:21 | JewelerMaster · wall_segment Stone Wall x3 |
| 12:41 | GandalfEzy · age_up feudal |
| 12:42 | GandalfEzy · wall_segment Palisade Wall x7 |
| 13:00 | donhedegaard · first_building Stable |
| 13:04 | Nacho Calvo · age_up feudal |
| 13:15 | JewelerMaster · wall_segment Stone Wall x7 |
| 13:49 | GandalfEzy · wall_segment Palisade Wall x3 |
| 14:04 | JewelerMaster · first_building Archery Range |
| 14:08 | WannaBee · first_building Barracks |
| 14:16 | GandalfEzy · wall_segment Palisade Wall x8 |
| 14:33 | GandalfEzy · first_building Barracks |
| 14:45 | Drudge · first_building Archery Range |
| 14:52 | WannaBee · age_up feudal |
| 15:19 | WannaBee · first_building Stable |
| 15:23 | JewelerMaster · wall_segment Stone Wall x1 |
| 16:32 | kosyovelikov · first_building Stable |
| 17:08 | donhedegaard · age_up castle |
| 17:41 | Nacho Calvo · first_building Barracks |
| 18:47 | WannaBee · age_up castle |
| 19:40 | JewelerMaster · wall_segment Stone Wall x20 |
| 19:59 | Nacho Calvo · age_up castle |
| 21:03 | Drudge · wall_segment Palisade Wall x7 |
| 21:03 | GandalfEzy · wall_segment Stone Wall x2 |
| 21:33 | donhedegaard · first_building Monastery |
| 21:38 | WannaBee · first_building Monastery |
| 22:47 | GandalfEzy · first_building Stable |
| 22:49 | mm_Roger · age_up castle |
| 22:57 | GandalfEzy · first_building Archery Range |
| 22:57 | Nacho Calvo · first_building Stable |
| 23:35 | GandalfEzy · wall_segment Stone Wall x9 |
| 23:47 | Drudge · age_up castle |
| 24:21 | GandalfEzy · wall_segment Stone Wall x26 |
| 25:05 | GandalfEzy · wall_segment Stone Wall x13 |
| 25:10 | GandalfEzy · age_up castle |
| 25:15 | JewelerMaster · age_up castle |
| 26:06 | GandalfEzy · wall_segment Stone Wall x6 |
| 26:24 | kosyovelikov · resign |
| 26:31 | GandalfEzy · wall_segment Stone Wall x26 |
| 28:33 | GandalfEzy · wall_segment Stone Wall x8 |
| 28:52 | GandalfEzy · wall_segment Stone Wall x18 |
| 28:54 | JewelerMaster · first_building Castle |
| 29:48 | Nacho Calvo · first_building Monastery |
| 30:02 | Nacho Calvo · first_building Castle |
| 30:45 | JewelerMaster · first_building Siege Workshop |
| 30:45 | GandalfEzy · first_building Siege Workshop |
| 30:46 | mm_Roger · first_building Monastery |
| 30:54 | donhedegaard · first_building Siege Workshop |
| 31:13 | JewelerMaster · first_building Monastery |
| 31:29 | GandalfEzy · wall_segment Stone Wall x4 |
| 31:55 | donhedegaard · first_building Castle |
| 33:38 | WannaBee · first_building Archery Range |
| 34:14 | GandalfEzy · first_building Monastery |
| 34:27 | mm_Roger · first_building Castle |
| 34:49 | Drudge · first_building Siege Workshop |
| 35:09 | GandalfEzy · first_building Castle |
[ ANÁLISIS IA · 1 CRÉDITO ]
¿Qué pasó realmente en esta partida?
Wolo.gg analiza cada decisión: build order, eco, micro, errores típicos por bracket. Análisis personalizado por WhatsApp o Discord en 30 segundos.
Guía civ
Francos
Perfil
Jugador #1655855